 Dungeon Sprint DCSS version 0.21-a0-94-gdd6ab6a (webtiles) character file.

2024 Kidiri the Thaumaturge (level 9, -6/55 HPs)
             Began as a Deep Elf Fire Elementalist on July 3, 2017.
             Was a Believer of Vehumet.
             Mangled by a centaur warrior (10 damage)
             ... in the Dungeon (Sprint III: "The Ten Rune Challenge").
             The game lasted 00:09:09 (1143 turns).

Kidiri the Thaumaturge (Deep Elf Fire Elementalist) Turns: 1143, Time: 00:09:10

Health: -6/55      AC:  8    Str:  5    XL:     9   Next: 3%
Magic:  17/28      EV: 17    Int: 24    God:    Vehumet [**....]
Gold:   20         SH:  0    Dex: 15    Spells: 12/34 levels left

rFire    . . .     SeeInvis .   v - +0 dagger (venom)
rCold    . . .     Gourm    .   (no shield)
rNeg     . . .     Faith    .   u - +1 troll leather armour {Snorg}
rPois    +         Spirit   .   (no helmet)
rElec    .         Reflect  .   (no cloak)
rCorr    .         Harm     .   (no gloves)
MR       .....     NoTele   +   (no boots)
Stlth    ++........             (no amulet)
HPRegen  0.58/turn              (no ring)
MPRegen  0.21/turn              (no ring)

@: no status effects
A: iridescent scales 1, poison resistance
a: Renounce Religion


You were in the Dungeon.
You worshipped Vehumet.
Vehumet was pleased with you.
You were not hungry.

You visited 1 branch You collected 20 gold pieces.

Inventory:

Hand Weapons
 v - a +0 dagger of venom (weapon)
Armour
 a - a +0 robe
 u - a +1 troll leather armour (worn) {Snorg}
Wands
 b - a wand of digging (7/24)
Scrolls
 i - a scroll of blinking
 m - a scroll of torment {unknown}
 n - a scroll of identify {unknown}
 o - 3 scrolls of remove curse
 r - a scroll of holy word {unknown}
 s - a scroll of immolation {unknown}
Potions
 d - 3 potions of curing
 e - a potion of heal wounds
 f - a potion of haste
 g - a potion of magic
 h - a potion of berserk rage
 j - 2 potions of mutation
 k - 3 potions of cancellation {unknown}
 q - 2 potions of flight
Comestibles
 c - a bread ration
 l - 3 chunks of flesh
 p - 4 royal jellies
 t - a meat ration


   Skills:
 + Level 5.9 Fighting
 + Level 6.8 Short Blades
 + Level 5.8 Armour
 + Level 8.9 Dodging
 - Level 2.4 Stealth
 * Level 13.2 Spellcasting
 + Level 7.9 Conjurations
 + Level 8.6 Fire Magic
 + Level 2.7 Air Magic
 + Level 0.0 Poison Magic


You had 12 spell levels left.
You knew the following spells:

 Your Spells              Type           Power        Failure   Level  Hunger
a - Flame Tongue          Conj/Fire      #####        1%          1    None
b - Throw Flame           Conj/Fire      ######       1%          2    None
c - Conjure Flame         Conj/Fire      ######..     1%          3    None
d - Inner Flame           Hex/Fire       #####...     3%          3    None
e - Sticky Flame          Conj/Fire      ######..     1%          4    None
f - Fireball              Conj/Fire      ######....   5%          5    ###....
g - Shock                 Conj/Air       ####         1%          1    None
h - Mephitic Cloud        Conj/Pois/Air  ####....     4%          3    None


Dungeon Overview and Level Annotations

Branches:
Dungeon (1/1)

Altars:
Cheibriados
Dithmenos
Elyvilon
Fedhas
Gozag
Hepliaklqana
Kikubaaqudgha
Makhleb
Nemelex Xobeh
Okawaru
Qazlal
Ru
Sif Muna
Trog
Uskayaw
Vehumet
Wu Jian
Xom
Yredelemnul
Zin
The Shining One
Beogh
Jiyva
Lugonu

Annotations:
D exclusion: door


Innate Abilities, Weirdness & Mutations

You are partially covered in iridescent scales. (AC +2)
Your system is resistant to poisons. (rPois)


Message History

Casting: Flame Tongue
Confirm with . or Enter, or press ? or * to list all spells.
Aiming: Sticky Flame
Press: ? - help, Shift-Dir - straight line, f/p - centaur warrior
Aim: a centaur warrior The sticky flame hits the centaur warrior.
The centaur warrior is moderately wounded.
The centaur warrior is covered in liquid flames!
The centaur warrior burns!
The centaur warrior hits you!
Unknown command.
Casting: Sticky Flame
Confirm with . or Enter, or press ? or * to list all spells.
Aiming: Inner Flame
Press: ? - help, Shift-Dir - straight line, f/p - centaur warrior
Aim: a centaur warrior (moderately wounded, covered in liquid flames, chance to defeat MR: 76%)
The centaur warrior is filled with an inner flame.
The centaur warrior burns!
The centaur warrior hits you!
* * * LOW HITPOINT WARNING * * *
The centaur warrior hits you!
You die...

####### ___#__#
__)#._# +###+##
...)..# E.....#
#####+#
__#...#+#############
__#...#.§§§§'§#.@c.c+
__#...#.#§≈≈#§#(#...#
__#...'.#§§§#.#.#..c#
__+...#.#§.§#...#...#
▓▓▓▓▓▓▓▓▓▓▓▓▓▓▓▓▓▓▓▓#


You could see a centaur warrior (inner flame) and 2 centaurs.

Vanquished Creatures
  Snorg (D)
  A deep elf mage (D)
  A shadow (D)
  A spatial vortex (D)
  A necrophage (D)
  A water elemental (D)
  A jelly (D)
  A wizard (D)
  Jessica (D)
  A necromancer (D)
  3 humans (D)
  A kobold demonologist (D)
  An ooze (D)
  A phantom (D)
  2 rats (D)
18 creatures vanquished.

Vanquished Creatures (others)
  2 draconian scorchers (D)
  6 hellions (D)
  3 yaktaurs (D)
  2 plants (D)
13 creatures vanquished.

Grand Total: 31 creatures vanquished

Notes
Turn   | Place    | Note
-------+----------+-------------------------------------------
     0 | D        | Kidiri the Deep Elf Fire Elementalist began the quest for the Orb.
     0 | D        | Reached XP level 1. HP: 10/10 MP: 6/6
    44 | D        | Killed a yaktaur
    59 | D        | Reached skill level 4 in Spellcasting
    93 | D        | Noticed Jessica
    96 | D        | Killed Jessica
    96 | D        | Reached skill level 1 in Fighting
    96 | D        | Reached skill level 1 in Short Blades
    96 | D        | Reached skill level 1 in Armour
    96 | D        | Reached skill level 5 in Spellcasting
    96 | D        | Reached XP level 2. HP: 16/16 MP: 6/10
    96 | D        | Reached XP level 3. HP: 20/20 MP: 6/11
   100 | D        | Learned a level 2 spell: Throw Flame
   104 | D        | Learned a level 3 spell: Conjure Flame
   104 | D        | Killed a hellion
   104 | D        | Killed a hellion
   104 | D        | Killed a hellion
   105 | D        | Killed a hellion
   105 | D        | Killed a hellion
   108 | D        | Learned a level 3 spell: Inner Flame
   119 | D        | Killed a hellion
   174 | D        | Killed a white draconian scorcher
   236 | D        | Killed a white draconian scorcher
   281 | D        | Killed a yaktaur
   357 | D        | Gained mutation: You are partially covered in thin metallic scales. (AC +2) [potion of mutation]
   357 | D        | Gained mutation: You are somewhat resistant to further mutation. [potion of mutation]
   358 | D        | Lost mutation: You are somewhat resistant to further mutation. [potion of mutation]
   358 | D        | Lost mutation: You are partially covered in thin metallic scales. (AC +2) [potion of mutation]
   358 | D        | Gained mutation: Your system is resistant to poisons. (rPois) [potion of mutation]
   358 | D        | Gained mutation: You are partially covered in iridescent scales. (AC +2) [potion of mutation]
   367 | D        | Noticed a water elemental
   370 | D        | Killed a water elemental
   370 | D        | Reached skill level 6 in Spellcasting
   370 | D        | Reached XP level 4. HP: 27/27 MP: 6/14
   376 | D        | Learned a level 4 spell: Sticky Flame
   402 | D        | Killed a yaktaur
   423 | D        | Found a radiant altar of Vehumet.
   424 | D        | Found a deep blue altar of Sif Muna.
   424 | D        | Found an ancient bone altar of Kikubaaqudgha.
   424 | D        | Noticed a wizard
   426 | D        | Killed a wizard
   426 | D        | Reached skill level 7 in Spellcasting
   426 | D        | Reached skill level 5 in Fire Magic
   426 | D        | Reached XP level 5. HP: 31/31 MP: 6/16
   442 | D        | Learned a level 5 spell: Fireball
   445 | D        | Became a worshipper of Vehumet
   526 | D        | Found a glowing silver altar of Zin.
   527 | D        | Found a glowing golden altar of the Shining One.
   527 | D        | Found a white marble altar of Elyvilon.
   527 | D        | Noticed a deep elf mage
   531 | D        | Killed a deep elf mage
   531 | D        | Reached skill level 10 in Spellcasting
   531 | D        | Reached skill level 5 in Conjurations
   531 | D        | Reached XP level 6. HP: 20/38 MP: 10/21
   531 | D        | Reached XP level 7. HP: 23/43 MP: 10/23
   673 | D        | Found an ornate altar of the Wu Jian Council.
   673 | D        | Found a roughly hewn altar of Beogh.
   673 | D        | Found an iron altar of Okawaru.
   673 | D        | Found a bloodstained altar of Trog.
   673 | D        | Found a hide-covered altar of Uskayaw.
   673 | D        | Noticed a human
   677 | D        | Noticed a human
   683 | D        | Killed a human
   683 | D        | Reached skill level 5 in Short Blades
   683 | D        | Reached skill level 11 in Spellcasting
   684 | D        | Killed a human
   684 | D        | Reached * piety under Vehumet
   684 | D        | Offered knowledge of Sandblast by Vehumet.
   747 | D        | Found a basalt altar of Yredelemnul.
   747 | D        | Found a shadowy altar of Dithmenos.
   747 | D        | Found a sacrificial altar of Ru.
   754 | D        | Reached skill level 5 in Fighting
   795 | D        | Noticed a shadow
   803 | D        | Reached ** piety under Vehumet
   803 | D        | Reached skill level 5 in Armour
   806 | D        | Killed a shadow
   806 | D        | Reached skill level 12 in Spellcasting
   806 | D        | Reached XP level 8. HP: 49/49 MP: 15/26
   862 | D        | Found a blossoming altar of Fedhas.
   862 | D        | Found a stormy altar of Qazlal.
   862 | D        | Found a snail-covered altar of Cheibriados.
   862 | D        | Found a burning altar of Makhleb.
   862 | D        | Found a shimmering altar of Xom.
   863 | D        | Found a hazy altar of Hepliaklqana.
   863 | D        | Found an opulent altar of Gozag.
   863 | D        | Found a sparkling altar of Nemelex Xobeh.
   863 | D        | Found a corrupted altar of Lugonu.
   863 | D        | Found a viscous altar of Jiyva.
   884 | D        | Offered knowledge of Shock by Vehumet.
   887 | D        | Learned a level 1 spell: Shock
   974 | D        | Noticed Snorg
   977 | D        | Killed Snorg
   977 | D        | Offered knowledge of Mephitic Cloud by Vehumet.
   977 | D        | Reached skill level 13 in Spellcasting
   977 | D        | Reached XP level 9. HP: 55/55 MP: 14/28
   986 | D        | Learned a level 3 spell: Mephitic Cloud
  1136 | D        | Noticed a centaur warrior
  1143 | D        | Mangled by a centaur warrior

Vault maps used:
D:        dungeon_sprint_mu

Skill      XL: |  1  2  3  4  5  6  7  8 |
---------------+-------------------------+-----
Spellcasting   | 5 6 7 10 12 13 | 13.2
Fighting       | 1 2 4 5 |  5.9
Short Blades   | 1 2 4 6 |  6.8
Armour         | 1 2 4 5 |  5.8
Dodging        | 3 4 6 7 8 |  8.9
Conjurations   | 2 3 5 7 |  7.9
Fire Magic     | 4 5 6 7 8 |  8.6
Air Magic      | 2 |  2.7
Stealth        | |  2.4

Action                   |  1- 3 |  4- 6 |  7- 9 || total
-------------------------+-------+-------+-------++-------
Melee: Dagger            |     1 |     1 |     4 ||     6
 Cast: Flame Tongue      |    23 |     2 |    38 ||    63
       Throw Flame       |     2 |       |     1 ||     3
       Conjure Flame     |     1 |       |     2 ||     3
       Sticky Flame      |       |     3 |     2 ||     5
       Fireball          |       |       |     5 ||     5
       Mephitic Cloud    |       |       |     1 ||     1
       Inner Flame       |       |       |     1 ||     1
  Use: Potion            |     2 |       |     1 ||     3
  Eat: Chunk             |       |       |     2 ||     2
Armor: Robe              |       |     2 |       ||     2
Dodge: Dodged            |     7 |     3 |    11 ||    21
